 Dungeon Crawl Stone Soup version 0.18.1-48-g4cf74bf (webtiles) character file.

1111 Loocat the Skirmisher (level 8, -4/71 HPs)
             Began as a Minotaur Berserker on Aug 14, 2016.
             Was an Elder of Trog.
             Slain by Menkaure (11 damage)
             ... on level 5 of the Dungeon.
             The game lasted 00:33:27 (6514 turns).

Loocat the Skirmisher (Minotaur Berserker)          Turns: 6514, Time: 00:33:30

Health: -4/71      AC:  6    Str: 25    XL:     8   Next: 11%
Magic:  7/7        EV: 12    Int:  4    God:    Trog [****..]
Gold:   278        SH:  0    Dex:  9    Spells: 0 memorised, 7 levels left

rFire  . . .     SeeInvis .     g - +4 spear
rCold  . . .     Gourm    .     f - +0 ring mail (curse)
rNeg   . . .     Faith    .     (no shield)
rPois  .         Spirit   .     (helmet restricted)
rElec  .         Dismiss  .     (no cloak)
rCorr  .         Reflect  .     (no gloves)
SustAt .         Harm     .     (no boots)
MR     .....                    (no amulet)
Stlth  +.........               (no ring)
                                (no ring)

@: not resistant to hostile enchantments, very unstealthy
A: retaliatory headbutt, horns 2
a: Berserk, Trog's Hand, Brothers in Arms, Burn Spellbooks, Renounce Religion


You were on level 5 of the Dungeon.
You worshipped Trog.
Trog was greatly pleased with you.
You were not hungry.

You visited 1 branch of the dungeon, and saw 5 of its levels.

You collected 278 gold pieces.

Inventory:

Hand Weapons
 a - a +0 hand axe
 d - a +0 short sword
 g - a +4 spear (weapon)
 u - a +0 flail
Armour
 b - a +0 animal skin
 e - a +0 leather armour
 f - a cursed +0 ring mail (worn)
 k - a +0 centaur barding
 s - a +0 helmet
Jewellery
 h - a cursed ring of loudness {unknown}
 j - a cursed amulet of inaccuracy {unknown}
 r - a cursed -2 ring of intelligence {unknown}
 w - a +3 ring of evasion {unknown}
Wands
 F - a wand of confusion (16/48)
Scrolls
 l - a scroll of recharging {unknown}
 m - 2 scrolls of remove curse {unknown}
 n - 2 scrolls of enchant weapon {unknown}
 q - 7 scrolls of identify {unknown}
 t - a scroll of fog {unknown}
 y - a scroll of amnesia {unknown}
 E - a scroll of noise {unknown}
 G - a scroll of teleportation {unknown}
Potions
 o - 2 potions of haste {unknown}
 p - 3 potions of curing {unknown}
 z - a potion of cure mutation {unknown}
 A - a potion of brilliance {unknown}
 B - a potion of flight {unknown}
 C - a potion of beneficial mutation {unknown}
 D - a potion of degeneration {unknown}
Comestibles
 c - 2 bread rations
 i - a meat ration
 x - a beef jerky


   Skills:
 + Level 6.3 Fighting
 + Level 5.2(5.9) Axes
 + Level 1.0(3.4) Maces & Flails
 + Level 4.0(5.2) Polearms
 + Level 6.3 Armour
 + Level 5.3 Dodging
 + Level 1.3 Stealth


You had 7 spell levels left.
You didn't know any spells.

Dungeon Overview and Level Annotations

Branches:
Dungeon (5/15)
 Temple: D:4-7

Altars:
Kikubaaqudgha
Pakellas
Yredelemnul

Annotations:
D:5 Menkaure


Innate Abilities, Weirdness & Mutations

You reflexively headbutt those who attack you in melee.
You have a pair of horns on your head.


Message History

Menkaure points at you and mumbles some strange words.
Pain shoots through your body!
Menkaure hits you but does no damage. x2
You hit Menkaure. You headbutt Menkaure!
Menkaure is heavily damaged.
Menkaure hits you!
* * * LOW HITPOINT WARNING * * *
You hit Menkaure.
Menkaure is severely damaged.
Menkaure casts a spell at you. Pain shoots through your body!
* * * LOW HITPOINT WARNING * * *
Eat which item? (? for menu, Esc to quit)
Menkaure sighs, "Let me perform the rites..."
Menkaure calls on the powers of darkness!
Your body is wracked with pain!
* * * LOW HITPOINT WARNING * * *
You continue eating.
Menkaure hits you!
You die...

##.....)...# #.........##
#.........# #........##
#### #........# ##..##
#.......## ##....###
.......## ###..?)...## ..
##.....####....††....##.a
##.....##......@M..##...
##................#....
#....................a
#................#....
#...............####..
#...............# .
#...............#
#.........)....##
#..............#


You could see Menkaure.

Vanquished Creatures
  Eustachio (D:4)
  An ice beast (D:1)
  A phantom (D:4)
  Blork the orc (D:5)
  A scorpion (D:4)
  A howler monkey (D:4)
  A giant frog skeleton (D:4)
  6 orc wizards
  An iguana (D:4)
  Natasha (thrice) (D:3)
  5 worker ants
  5 adders
  6 gnolls
  3 worms
  2 dart slugs (D:2)
  A giant gecko (D:4)
  22 orcs
  3 ball pythons
  7 bats
  4 giant cockroaches
  10 hobgoblins
  10 jackals
  2 quokkas
  5 giant newts
  6 goblins
  8 kobolds
  7 rats
123 creatures vanquished.

Notes
Turn   | Place    | Note
--------------------------------------------------------------
     0 | D:1      | Loocat the Minotaur Berserker began the quest for the Orb.
     0 | D:1      | Reached XP level 1. HP: 19/19 MP: 0/0
     3 | D:1      | Noticed an electric eel
     9 | D:1      | Noticed an electric eel
   501 | D:1      | Reached XP level 2. HP: 25/27 MP: 1/1
  1006 | D:1      | Noticed an ice beast
  1014 | D:1      | Killed an ice beast
  1014 | D:1      | Reached XP level 3. HP: 8/34 MP: 2/2
  1014 | D:1      | Reached XP level 4. HP: 9/41 MP: 3/3
  1483 | D:2      | Found an ancient bone altar of Kikubaaqudgha.
  1594 | D:2      | Reached ** piety under Trog
  1701 | D:2      | Found an oddly glowing altar of Pakellas.
  1895 | D:2      | Reached skill level 5 in Fighting
  1895 | D:2      | Reached XP level 5. HP: 33/48 MP: 4/4
  2753 | D:2      | Reached skill level 5 in Axes
  3150 | D:3      | Reached skill level 1 in Stealth
  3487 | D:3      | Found a basalt altar of Yredelemnul.
  3860 | D:3      | Reached *** piety under Trog
  3887 | D:3      | Reached XP level 6. HP: 26/56 MP: 5/5
  4225 | D:3      | Noticed Natasha
  4232 | D:3      | Killed Natasha
  4395 | D:3      | Noticed Natasha
  4403 | D:3      | Killed Natasha
  4424 | D:3      | Reached skill level 1 in Maces & Flails
  4554 | D:3      | Noticed Natasha
  4560 | D:3      | Killed Natasha
  4769 | D:4      | Reached skill level 1 in Polearms
  5058 | D:4      | Noticed Eustachio
  5091 | D:4      | Killed Eustachio
  5091 | D:4      | Reached skill level 5 in Armour
  5091 | D:4      | Reached XP level 7. HP: 46/61 MP: 6/6
  5289 | D:4      | Reached **** piety under Trog
  5388 | D:4      | Reached skill level 5 in Dodging
  5816 | D:4      | Reached XP level 8. HP: 54/70 MP: 7/7
  6001 | D:5      | Entered Level 5 of the Dungeon
  6325 | D:5      | Noticed Blork the orc
  6339 | D:5      | Killed Blork the orc
  6497 | D:5      | Noticed Menkaure
  6514 | D:5      | Slain by Menkaure

Skill      XL: |  1  2  3  4  5  6  7  8 |
---------------+-------------------------+-----
Fighting       | 4 5 6 |  6.3
Axes           | 4 5 |  5.2
Armour         | 3 5 6 |  6.3
Dodging        | 3 4 5 |  5.3
Stealth        | 1 |  1.3
Maces & Flails | 1 |  1.0
Polearms       | 2 3 4 |  4.0

Action                   |  1- 3 |  4- 6 |  7- 9 || total
-------------------------+-------+-------+-------++-------
Melee: Hand axe          |    38 |    73 |       ||   111
       Headbutt          |     4 |    31 |    18 ||    53
       Spear             |       |   101 |    79 ||   180
       Flail             |       |    10 |       ||    10
  Use: Scroll            |       |     1 |     1 ||     2
  Eat: Pizza             |       |     1 |       ||     1
       Bread ration      |       |     3 |     1 ||     4
       Royal jelly       |       |       |     1 ||     1
Armor: Ring mail         |    19 |    91 |    32 ||   142
Dodge: Dodged            |    33 |   138 |    51 ||   222
